 Dungeon Crawl Stone Soup version 0.31-a0-1082-g7d1fb776a8 (webtiles) character file.

Game seed: 4065494555222208162

13944 Flugslaktarn the Mimic (level 12, -2/87 HPs)
             Began as an Octopode Shapeshifter on Nov 28, 2023.
             Was a Follower of Ashenzari.
             Slain by a killer bee (6 damage)
             ... on level 1 of the Lair of Beasts.
             The game lasted 00:08:12 (12626 turns).

Flugslaktarn the Mimic (Octopode Shapeshifter)     Turns: 12626, Time: 00:08:12

Health: -2/87      AC:  1    Str: 13    XL:     12   Next: 11%
Magic:  0/18       EV: 23    Int: 18    God:    Ashenzari [*.....]
Gold:   704        SH:  0    Dex: 15    Spells: 11/11 levels left

rFire   . .          .
                       - Unarmed
rCold   . . .        (shield currently unavailable)
rNeg    . . .        (helmet restricted)
rPois   .            i - amulet of guardian spirit
rElec   .            j - ring of Ashenzari's Loss {Slay+4, Fort, Melee} (curse)
rCorr   .            D - ring of magical power
SInv    .            g - ring "Behold Eternity" {Fly, Comp, Range} (curse)
Will    .....        a - +6 ring of intelligence
Stlth   +            v - +5 ring of evasion
HPRegen 0.34/turn    (no ring)
MPRegen 0.16/turn    (no ring)
                     (no ring)

%: guardian spirit
@: flux-form, flying, glowing
A: glow, contaminating, almost no armour, amphibious, 8 rings, camouflage 1,
gelatinous body 1, (nimble swimmer 1), tentacles, antennae 1, low MP 2, weak 1
a: Begin Untransformation, Renounce Religion, Curse Item, Shatter the Chains


You were on level 1 of the Lair of Beasts.
You worshipped Ashenzari.
Ashenzari was aware of your devotion.
You were something dangerously unstable.
You visited 3 branches of the dungeon, and saw 13 of its levels.

You collected 704 gold pieces.

Inventory:

Jewellery
 a - a +6 ring of intelligence (on tentacle)
   (You found it on level 4 of the Dungeon)
 g - the cursed ring "Behold Eternity" (on tentacle) {Fly, Comp, Range}
   (You found it on level 3 of the Dungeon)

   [ring of flight]

   Fly:       It grants you flight.
   It has a curse which improves the following skills: Companions: Summonings
   and Necromancy.
   Ranged Combat: Ranged Weapons and Throwing.
 i - an amulet of guardian spirit (around mantle)
   (You found it on level 3 of the Dungeon)
 j - the cursed ring of Ashenzari's Loss (left tentacle) {Slay+4, Fort, Melee}
   (You found it on level 1 of the Dungeon)

   [ring of slaying]

   Slay+4:    It affects your accuracy & damage with ranged weapons and melee
   (+4).
   It has a curse which improves the following skills: Fortitude: Shields.
   Melee Combat: Short Blades, Long Blades, Axes, Maces & Flails, Polearms,
   Staves and Unarmed Combat.
 v - a +5 ring of evasion (on tentacle)
   (You found it on level 10 of the Dungeon)
 B - a ring of fire
   (You found it on level 6 of the Dungeon)
 D - a ring of magical power (right tentacle)
   (You found it on level 2 of the Dungeon)
Talismans
 b - a beast talisman
 c - a flux talisman (active)
 C - a blade talisman
   (You found it on level 7 of the Dungeon)
Wands
 E - a wand of charming (6)
   (You took it off an orc wizard on level 9 of the Dungeon)
 F - a wand of mindburst (3)
   (You took it off Erolcha on level 9 of the Dungeon)
 G - a wand of quicksilver (3)
   (You found it on level 9 of the Dungeon)
Scrolls
 f - 2 scrolls of fear
 k - 2 scrolls of fog
 l - 2 scrolls of vulnerability
 m - 2 scrolls of poison
 o - a scroll of revelation
 t - 4 scrolls of teleportation
 A - a scroll of enchant armour
Potions
 d - 2 potions of might
 e - a potion of attraction
 h - 2 potions of haste
 n - 2 potions of resistance
 p - a potion of brilliance
 q - a potion of curing
 r - a potion of ambrosia
 s - a potion of enlightenment
 w - a potion of heal wounds
 x - 2 potions of lignification


   Skills:
 + Level 9.7 Fighting
 + Level 9.6 Dodging
 + Level 10.0(10.8) Unarmed Combat
 - Level 10.0 Shapeshifting


You had 11 spell levels left.
You didn't know any spells.
Your spell library was empty.

Dungeon Overview and Level Annotations

Branches:
Dungeon (11/15)            Temple (1/1) D:6            Lair (1/5) D:11
    Orc (0/2) D:10

Altars:
Ashenzari
Cheibriados
Dithmenos
Elyvilon
Fedhas
Gozag
Hepliaklqana
Kikubaaqudgha
Makhleb
Nemelex Xobeh
Okawaru
Qazlal
Ru
Sif Muna
Trog
Uskayaw
Vehumet
Wu Jian
Xom
Yredelemnul
Zin
The Shining One

Shops:
D:5 ?

Annotations:
D:10 exclusion: orange crystal statue


Innate Abilities, Weirdness & Mutations

You are something dangerously unstable.
You glow with magical radiation, making you easy to see and hit.
Foes you strike become dangerously contaminated with magical radiation.
You are incapable of wielding weapons or throwing items.
You cannot wear most types of armour.
You are amphibious.
You can wear up to eight rings at the same time.
Your skin changes colour to match your surroundings (Stealth+).
Your rubbery body absorbs attacks. (AC +1, EV +1)
((You are camouflaged when in or above water. (Stealth+)))
You have tentacles for arms and can constrict up to eight enemies at once.
You have a pair of small antennae on your head.
Your magical capacity is very low. (-20% MP)
You are weak. (Str -2)


Message History

You bludgeon the killer bee!
You kill the killer bee!
You feel very sick.
Okay, then.
You tentacle-slap the killer bee but do no damage.
The killer bee begins to glow.
You grab the killer bee.
You squeeze the killer bee, but do no damage.
You constrict the killer bee, but do no damage.
You feel sick. The killer bee barely misses you.
The killer bee completely misses you.
You bludgeon the killer bee!
The killer bee glows dangerously bright.
The killer bee is heavily wounded.
You constrict the killer bee, but do no damage.
You feel sick. The killer bee misses you. The killer bee completely misses you.
You tentacle-slap the killer bee.
The killer bee shudders as magic cascades through it!
You kill the killer bee!
You feel sick.
You tentacle-slap the killer bee.
The killer bee begins to glow.
Your grab misses the killer bee.
The killer bee is lightly wounded.
You feel sick. The killer bee stings you!
* * * LOW HITPOINT WARNING * * *
The killer bee stings you.
* * * LOW HITPOINT WARNING * * *
You are more poisoned.
The killer bee poisons you!
You bludgeon the killer bee!
The killer bee glows dangerously bright.
You grab the killer bee. You squeeze the killer bee!
The killer bee is almost dead.
You constrict the killer bee.
You kill the killer bee!
You feel sick.
You closely miss the killer bee. Your grab misses the killer bee.
Your squeeze misses the killer bee.
You feel sick. The killer bee misses you. The killer bee completely misses you.
The killer bee buzzes angrily.
You tentacle-slap the killer bee.
The killer bee begins to glow.
Your grab misses the killer bee.
The killer bee is moderately wounded.
You feel sick. The killer bee completely misses you.
The killer bee closely misses you.
You feel better.
The killer bee completely misses you. x2
You tentacle-slap the killer bee.
The killer bee glows dangerously bright.
Your grab misses the killer bee. Your squeeze misses the killer bee.
The killer bee is heavily wounded.
The killer bee misses you.
You miss the killer bee. Your grab misses the killer bee.
The killer bee is heavily wounded.
The killer bee closely misses you. The killer bee completely misses you.
You bludgeon the killer bee!
You kill the killer bee!
You bludgeon the killer bee!
The killer bee begins to glow.
You grab the killer bee.
The killer bee is heavily wounded.
You constrict the killer bee, but do no damage.
The killer bee completely misses you. The killer bee stings you!
* * * LOW HITPOINT WARNING * * *
You tentacle-slap the killer bee.
The killer bee glows dangerously bright.
The killer bee is severely wounded.
You constrict the killer bee, but do no damage.
The killer bee stings you. x2
* * * LOW HITPOINT WARNING * * *
You are poisoned.
The killer bee poisons you!
You barely miss the killer bee. You squeeze the killer bee.
You kill the killer bee!
You feel sick.
You bludgeon the killer bee!
The killer bee begins to glow.
Your grab misses the killer bee. You squeeze the killer bee.
You kill the killer bee!
You feel sick. The killer bee closely misses you.
You bludgeon the killer bee!
The killer bee begins to glow.
You grab the killer bee.
The killer bee is heavily wounded.
You constrict the killer bee, but do no damage.
The killer bee completely misses you.
You tentacle-slap the killer bee.
The killer bee glows dangerously bright.
You squeeze the killer bee.
The killer bee is severely wounded.
You constrict the killer bee.
You feel sick. The killer bee completely misses you. The killer bee misses you.
You tentacle-slap the killer bee.
The killer bee shudders as magic cascades through it.
You kill the killer bee!
You feel sick. The killer bee stings you!
* * * LOW HITPOINT WARNING * * *
You miss the killer bee. You grab the killer bee. You constrict the killer bee.
You feel sick. The killer bee misses you.
You bludgeon the killer bee!
The killer bee begins to glow.
The killer bee is severely wounded.
You constrict the killer bee.
You feel sick.
You are no longer poisoned.
The killer bee stings you!
You die...

# ###### #####
###.##.## ....###
#.......#
......###.......##
..(.#..>#........#
....##..'..[....##
....#####.......p#
....# #.....>.+y.#
....##
#.......##....
....P# ######+##
.+!... #+#### #
... ..# ## ###
#### ...#


You could see a killer bee (contam).

Vanquished Creatures
  Erolcha (D:9)
  A boulder beetle (D:11)
  A two-headed ogre (D:11)
  Pikel (D:4)
  A manticore (D:11)
  4 trolls
  A hornet (D:9)
  Prince Ribbit (D:6)
  2 wyverns
  A wraith (D:11)
  25 yaks
  A basilisk (Lair:1)
  4 vampire mosquitoes (D:10)
  2 wargs (D:11)
  Edmund (D:6)
  An acid dragon (D:11)
  5 orc warriors
  An ice beast (D:7)
  A sky beast (D:5)
  3 ogres
  2 centaurs
  A lemure (D:3)
  4 kobold brigands
  2 bullfrogs
  A scorpion (D:5)
  8 wights
  36 killer bees
  4 howler monkeys
  5 hounds
  4 jellies
  A gnoll bouda (D:8)
  14 orc priests
  A sleepcap (D:8)
  4 iguanas
  12 orc wizards
  10 gnolls
  3 adders
  A shadow imp (D:5)
  3 white imps
  A worm (D:3)
  4 dart slugs
  45 orcs
  8 ball pythons
  9 endoplasms
  7 giant cockroaches
  4 goblins
  6 hobgoblins
  3 jackals (D:2)
  27 kobolds
  3 quokkas
  3 bats
  3 frilled lizards
  8 rats
  A spectral orc (D:8)
306 creatures vanquished.

Notes
Turn   | Place    | Note
-------+----------+-------------------------------------------
     0 | D:1      | Flugslaktarn the Octopode Shapeshifter began the quest for
                  | the Orb.
     0 | D:1      | Reached XP level 1. HP: 13/13 MP: 1/1
   137 | D:1      | Reached XP level 2. HP: 18/18 MP: 2/2
   545 | D:1      | Reached XP level 3. HP: 19/23 MP: 3/3
  1266 | D:2      | Identified the +1 dagger of the Sage {flame, Dex+2}
  1358 | D:3      | Found a faded altar of an unknown god.
  1651 | D:3      | Reached XP level 4. HP: 29/29 MP: 4/4
  1690 | D:3      | Found a radiant altar of Vehumet.
  2134 | D:3      | Reached XP level 5. HP: 32/35 MP: 5/5
  2299 | D:4      | Noticed Pikel
  2299 | D:4      | Noticed a lemure
  2299 | D:4      | Noticed a lemure
  2303 | D:4      | Noticed a lemure
  2307 | D:3      | Killed a lemure
  2575 | D:4      | Noticed a lemure
  2620 | D:4      | Reached XP level 6. HP: 35/42 MP: 6/6
  2972 | D:4      | Killed Pikel
  2973 | D:4      | Reached skill level 5 in Unarmed Combat
  2973 | D:4      | Reached XP level 7. HP: 49/49 MP: 7/7
  3123 | D:4      | Found a hazy altar of Hepliaklqana.
  3207 | D:5      | Entered Level 5 of the Dungeon
  3285 | D:5      | Reached skill level 5 in Dodging
  3285 | D:5      | Reached XP level 8. HP: 39/54 MP: 8/8
  3386 | D:5      | Reached skill level 5 in Fighting
  3475 | D:5      | Noticed a yak
  3615 | D:5      | Noticed a yak
  3615 | D:5      | Noticed a yak
  3638 | D:5      | Gained mutation: Your magical capacity is low. (-10% MP)
                  | [potion of mutation]
  3638 | D:5      | Gained mutation: You occasionally lose the ability to drink
                  | potions when taking damage. [potion of mutation]
  3638 | D:5      | Gained mutation: Your natural rate of healing is unusually
                  | fast. [potion of mutation]
  3638 | D:5      | Gained mutation: One of your tentacles bears a spike.
                  | [potion of mutation]
  3642 | D:5      | Noticed a yak
  3644 | D:5      | Noticed a yak
  3651 | D:5      | Killed a yak
  3658 | D:5      | Killed a yak
  3663 | D:5      | Killed a yak
  3668 | D:5      | Killed a yak
  3673 | D:5      | Killed a yak
  3674 | D:5      | Reached XP level 9. HP: 24/63 MP: 4/8
  3915 | D:5      | Found a burning altar of Makhleb.
  3915 | D:5      | Found a shimmering blue altar of Sif Muna.
  3916 | D:5      | Found an ornate altar of the Wu Jian Council.
  3935 | D:5      | Found Quurphery's Magic Scroll Emporium.
  3936 | D:5      | Lost mutation: One of your tentacles bears a spike. [potion
                  | of mutation]
  3936 | D:5      | Lost mutation: Your natural rate of healing is unusually
                  | fast. [potion of mutation]
  3936 | D:5      | Gained mutation: You are weak. (Str -2) [potion of
                  | mutation]
  3936 | D:5      | Gained mutation: Your mind is acute. (Int +4, Str/Dex -1)
                  | [potion of mutation]
  3936 | D:5      | Gained mutation: You are robust. (+10% HP) [potion of
                  | mutation]
  3998 | D:5      | Found a stormy altar of Qazlal.
  4049 | D:5      | Found a sacrificial altar of Ru.
  4914 | D:6      | Found a white marble altar of Elyvilon.
  4981 | D:6      | Reached skill level 5 in Shapeshifting
  5190 | D:6      | Noticed Prince Ribbit
  5196 | D:6      | Killed Prince Ribbit
  5437 | D:6      | Found a hide-covered altar of Uskayaw.
  5626 | D:6      | Found a staircase to the Ecumenical Temple.
  5626 | D:6      | Noticed Edmund
  5634 | D:6      | Killed Edmund
  5640 | Temple   | Entered the Ecumenical Temple
  6967 | D:8      | Found a basalt altar of Yredelemnul.
  7025 | D:8      | Found an ancient bone altar of Kikubaaqudgha.
  7039 | D:8      | Found a broken altar of Ashenzari.
  7049 | D:8      | Reached XP level 10. HP: 75/75 MP: 9/9
  7050 | D:8      | Became a worshipper of Ashenzari the Shackled
  7070 | D:8      | Identified the +7 spear of Owkuxo {flame, rElec rC- rCorr}
  7949 | D:8      | Lost mutation: You are robust. (+10% HP) [potion of
                  | mutation]
  7949 | D:8      | Lost mutation: Your mind is acute. (Int +4, Str/Dex -1)
                  | [potion of mutation]
  7949 | D:8      | Lost mutation: You occasionally lose the ability to drink
                  | potions when taking damage. [potion of mutation]
  7949 | D:8      | Gained mutation: Your magical capacity is very low. (-20%
                  | MP) [potion of mutation]
  7949 | D:8      | Gained mutation: You have a pair of small antennae on your
                  | head. [potion of mutation]
  9460 | D:9      | Noticed Erolcha
  9469 | D:9      | Killed Erolcha
  9601 | D:10     | Entered Level 10 of the Dungeon
  9628 | D:10     | Reached XP level 11. HP: 24/77 MP: 8/8
  9964 | D:10     | Noticed an orange crystal statue
 10036 | D:10     | Reached * piety under Ashenzari
 10101 | D:10     | Found a staircase to the Orcish Mines.
 10154 | D:10     | Found a shimmering altar of Xom.
 10868 | D:11     | Noticed a boulder beetle
 10896 | D:11     | Killed a boulder beetle
 11077 | D:11     | Reached skill level 10 in Shapeshifting
 11226 | D:11     | Found a staircase to the Lair.
 11234 | D:11     | Noticed a two-headed ogre
 11248 | D:11     | Killed a two-headed ogre
 11768 | D:11     | Noticed a manticore
 11776 | D:11     | Killed a manticore
 12133 | Lair:1   | Entered Level 1 of the Lair of Beasts
 12457 | Lair:1   | Reached XP level 12. HP: 70/86 MP: 9/9
 12596 | Lair:1   | Reached skill level 10 in Unarmed Combat
 12625 | Lair:1   | HP: 4/87 [poisoned by a killer bee]
 12626 | Lair:1   | Slain by a killer bee

Illustrated notes

Levels and vault maps discovered:
D:1:      scummos_arrival_hexagon, layout_basic
D:2:      layout_loops_ring
D:3:      layout_loops_ring, vehumet_crystals, basic_ecumenical_altar
D:4:      layout_rooms, nicolae_overflow_hidden_temple,
          kennysheep_generic_room_2, uniq_pikel
D:5:      layout_layer_cave, nicolae_ru_great_annihilating_truth,
          gammafunk_temple_overflow_forgotten, lemuel_crystal_altar,
          serial_shops, shop, lemuel_flamethrower_2
D:6:      layout_basic, elyvilon_altar_1, nicolae_uskayaw_dance_studio,
          minmay_temple_entry_slanted, minmay_gold_behind_fungi, uniq_edmund,
          uniq_prince_ribbit1
D:7:      layout_basic, skrybe_limestone_x
D:8:      layout_loops_ring, yredelemnul_forgotten_temple_becter,
          mainiacjoe_overflow_large_starburst
D:9:      layout_basic, supply_closet_lemuel, minmay_starry_boxes, uniq_erolcha
D:10:     layout_rooms, dk_xom_monty_hall, minmay_orc_entry_temple_small,
          palyth_stone_intersect, minmay_statue_bubble
D:11:     layout_basic, erik_lair_orcish_takeover
Temple:   grunt_temple_mini_profane
Lair:1:   layout_roguey [special_room_bee]

Skill      XL: |  1  2  3  4  5  6  7  8  9 10 11 12 |
---------------+-------------------------------------+-----
Fighting       | 2 3 4 6 7 9 |  9.7
Dodging        | 3 4 5 6 7 9 |  9.6
Unarmed Combat | 4 5 7 8 9 10 | 10.0
Shapeshifting  | 7 9 10 | 10.0

Action                     |  1- 3 |  4- 6 |  7- 9 | 10-12 || total
---------------------------+-------+-------+-------+-------++-------
  Melee: Unarmed           |    65 |    82 |   191 |   477 ||   815
         Constrict         |    14 |    24 |    48 |    89 ||   175
         Tentacles         |    11 |    17 |    49 |   147 ||   224
         Punch             |       |     2 |     7 |       ||     9
         Kick              |       |       |    12 |       ||    12
 Invoke: Curse Item        |       |       |       |     2 ||     2
    Use: Scroll            |       |     2 |     2 |     6 ||    10
         Potion            |       |     1 |     3 |     5 ||     9
   Stab: Sleeping          |    11 |     1 |     4 |       ||    16
         Distracted        |     1 |       |     1 |       ||     2
         Paralysed         |       |       |     1 |       ||     1
 Armour: Skin              |    20 |    32 |    58 |   165 ||   275
  Dodge: Dodged            |    23 |    60 |    99 |   417 ||   599
   Form: Flux              |       |       |     2 |       ||     2
         Beast             |       |       |     1 |       ||     1

Table legend: (Time is in decaauts)
 A = Elapsed time spent in this place.
 B = Non-inter-level travel time spent in this place.
 C = Inter-level travel time spent in this place.
 D = Time resting spent in this place.
 E = Time spent auto-exploring this place.
 F = Levels seen in this place.
 G = Mean time per level.
                   A        B        C        D        E       F      G
               +--------+--------+--------+--------+--------+-----+--------+
         Total |  12518 |  12138 |    380 |   2371 |   7883 |  13 |  962.9 |
       Dungeon |  12337 |  11958 |    379 |   2371 |   7778 |  11 | 1121.5 |
        Temple |     11 |     11 |      0 |      0 |     10 |   1 |   11.0 |
          Lair |    168 |    168 |      0 |      0 |     95 |   1 |  168.0 |
               +--------+--------+--------+--------+--------+-----+--------+

Top non-repeatable levels by time:
    D:11: 1753 daAuts
     D:5: 1656 daAuts
     D:8: 1583 daAuts
     D:9: 1552 daAuts
     D:3: 1073 daAuts
     D:6: 1039 daAuts
     D:4: 808 daAuts
    D:10: 779 daAuts
     D:7: 756 daAuts
     D:1: 696 daAuts
     D:2: 639 daAuts
  Lair:1: 168 daAuts
  Temple: 11 daAuts
